 Dungeon Crawl Stone Soup version 0.24-a0-458-gfcb5e6da0e (webtiles) character file.

Game seed: 15022641829880303260

74 Peloso the Shield-Bearer (level 4, -10/40 HPs)
             Began as a Minotaur Fighter on June 27, 2019.
             Splashed by Ijyb's acid (12 damage)
             ... on level 3 of the Dungeon.
             The game lasted 00:03:07 (1306 turns).

Peloso the Shield-Bearer (Minotaur Fighter)         Turns: 1306, Time: 00:03:08

Health: -10/40     AC:  7    Str: 26    XL:     4   Next: 10%
Magic:  3/3        EV:  7    Int:  5    God:
Gold:   89         SH: 10    Dex: 10    Spells: 3/3 levels left

rFire    . . .     SeeInvis .   a - +0 long sword
rCold    . . .     Gourm    .   c - +0 shield
rNeg     . . .     Faith    .   b - +0 scale mail
rPois    .         Spirit   .   (helmet restricted)
rElec    .         Reflect  .   (no cloak)
rCorr    .         Harm     .   (no gloves)
MR       .....                  (no boots)
Stlth    ..........             (no amulet)
HPRegen  0.13/turn              (no ring)
MPRegen  0.08/turn              (no ring)

@: mighty
A: retaliatory headbutt, horns 2
a: no special abilities


You were on level 3 of the Dungeon.
You were hungry.

You visited 1 branch of the dungeon, and saw 3 of its levels.

You collected 89 gold pieces.

Inventory:

Hand Weapons
 a - a +0 long sword (weapon)
Missiles
 i - 17 poisoned darts (quivered)
Armour
 b - a +0 scale mail (worn)
 c - a +0 shield (worn)
Jewellery
 r - a +2 ring of evasion {unknown}
Scrolls
 e - 3 scrolls of identify {unknown}
 j - a scroll of enchant armour {unknown}
 k - 2 scrolls of amnesia {unknown}
 l - a scroll of random uselessness {unknown}
 m - 3 scrolls of remove curse {unknown}
 n - a scroll of teleportation {unknown}
 o - a scroll of noise {unknown}
 q - 2 scrolls of blinking {unknown}
Potions
 g - 2 potions of invisibility {unknown}
 h - a potion of curing {unknown}
 p - a potion of magic {unknown}
 t - a potion of heal wounds {unknown}
Comestibles
 f - 3 rations
 s - 2 chunks of flesh


   Skills:
 + Level 4.3 Fighting
 + Level 3.5 Long Blades
 + Level 4.1 Armour
 + Level 0.1 Dodging
 + Level 4.4 Shields


You had 3 spell levels left.
You didn't know any spells.
Your spell library was empty.

Dungeon Overview and Level Annotations

Branches:
Dungeon (3/15)

Altars:

Annotations:
D:3 Ijyb


Innate Abilities, Weirdness & Mutations

You reflexively headbutt those who attack you in melee.
You have a pair of horns on your head.


Message History

Ijyb is nearby!
Ijyb is nearby!
You feel very mighty all of a sudden.
Ijyb zaps a wand.
The bolt of acid hits you.
You are splashed with acid!
You hit Ijyb. Your headbutt misses Ijyb.
Ijyb is lightly wounded.
You block Ijyb's attack.
You barely miss Ijyb.
Ijyb is lightly wounded.
You block Ijyb's attack.
You hit Ijyb. You headbutt Ijyb.
Ijyb is heavily wounded.
You are feeling hungry.
You block Ijyb's attack.
You closely miss Ijyb. You headbutt Ijyb, but do no damage.
Ijyb is heavily wounded.
Ijyb zaps a wand.
The bolt of acid hits you!!
* * * LOW HITPOINT WARNING * * *
You are splashed with acid!
You die...

####### #
#.<...# ##.
#.....# ....
#.....# .g..$
#.....#
......#@....##
#g......#
.......##.##.#
#..###. #.# .#
. #> #.. .. #.
### . #. .. ##


You could see Ijyb.

Vanquished Creatures
  Terence (D:2)
  3 dart slugs (D:1)
  2 leopard geckos
  3 bats (D:2)
  5 giant cockroaches
  4 goblins
  4 hobgoblins
  8 kobolds
  2 ball pythons
  2 frilled lizards (D:1)
  8 rats
42 creatures vanquished.

Notes
Turn   | Place    | Note
-------+----------+-------------------------------------------
     0 | D:1      | Peloso the Minotaur Fighter began the quest for the Orb.
     0 | D:1      | Reached XP level 1. HP: 19/19 MP: 0/0
   136 | D:1      | Reached XP level 2. HP: 24/27 MP: 1/1
   659 | D:2      | Reached XP level 3. HP: 33/33 MP: 2/2
   994 | D:2      | Found a faded altar of an unknown god.
  1187 | D:2      | Noticed Terence
  1194 | D:2      | Killed Terence
  1194 | D:2      | Reached XP level 4. HP: 37/40 MP: 3/3
  1296 | D:3      | Noticed Ijyb
  1306 | D:3      | HP: 2/40 [Ijyb/bolt of acid (19)]
  1306 | D:3      | Splashed by Ijyb's acid

Levels and vault maps discovered:
D:1:      dpeg_arrival_triangle_fractal, layout_rooms,
          chequers_serial_rivers_small_b, hangedman_feature_mirror,
          chequers_big_river
D:2:      layout_loops_ring, chequers_ecumenical_altar_simple, uniq_terence
D:3:      layout_loops_cross, uniq_ijyb, uniq_grinder, uniq_robin, uniq_jessica,
          uniq_sigmund

Skill      XL: |  1  2  3 |
---------------+----------+-----
Shields        | 4 |  4.4
Armour         | 4 |  4.1
Fighting       | 4 |  4.3
Long Blades    | 3 |  3.5
Dodging        | |  0.1

Action                   |  1- 3 |  4- 6 || total
-------------------------+-------+-------++-------
Melee: Long sword        |   103 |     7 ||   110
       Headbutt          |    10 |     2 ||    12
  Use: Potion            |       |     1 ||     1
  Eat: Chunk             |       |     1 ||     1
Armor: Scale mail        |    49 |     2 ||    51
Dodge: Dodged            |    24 |       ||    24
Block: Shield            |    49 |     4 ||    53
       Rpst.: Long sword |     7 |       ||     7

Table legend:
 A = Non-vault XP
 B = Vault XP
 C = Vault XP percentage of total XP
 D = Non-vault monster count
 E = Vault monster count
 F = Vault count percentage of total count
                 A         B        C        D         E       F
            +---------+---------+-------+---------+---------+-------
      Total |      69 |      38 |  35.5 |      39 |       3 |   7.1
            +---------+---------+-------+---------+---------+-------
        D:1 |      38 |       2 |   5.0 |      19 |       2 |   9.5
        D:2 |      31 |      36 |  53.7 |      20 |       1 |   4.8
            +---------+---------+-------+---------+---------+-------
